AoeStats
← Adriano Del Throw

MegaRandom

506503437Analyzed
4v4 RM · 20d ago on Sep 13, 2026· 24m 54s· 8 players
Game mode
Random Map
Map size
Large (8 player)
Population
200
Speed
Normal
Resources
Standard
Victory
Conquest
Starting age
Dark Age
Ending age
Imperial Age
RankedLock teamsTeams togetherTeam positionsShared explorationLock speedFull tech treeHidden civsTurbo modeCheats
Victory
Defeat
🇫🇷 Koreans · France
1382
+15
🇫🇷 Maya · France
1348
+17
🇫🇷 Burmese · France
1328
+18
🇫🇷 Inca · France
1301
+19
🇫🇷 Burgundians · France
1434
-21
🇬🇧 Japanese · United Kingdom
1376
-18
🇪🇸 Spanish · Spain
1322
-15
🇫🇷 Goths · France
1318
-15
hcenemod
Grintoid
4:19 Loom
12:02 Feudal Age
16:31 Castle Age
17:33 Fletching
17:49 Scale Barding Armor
Chacal90z
0:34 Loom
10:08 Feudal Age
10:20 Man-at-Arms
13:19 Double-Bit Axe
16:03 Fletching
16:23 Forging
19:20 Wheelbarrow
Moussaillon
4:18 Double-Bit Axe
5:15 Loom
11:16 Feudal Age
16:09 Castle Age
14:28 Gold Mining
14:40 Fletching
17:26 Bodkin Arrow
19:13 Medium Warships
18:45 Fishing Lines
Dango
8:09 Loom
10:21 Feudal Age
13:49 Fletching
20:31 Castle Age
19:36 Horse Collar
20:16 Gold Mining
20:44 Padded Archer Armor
20:39 Crossbowman
médjais
0:29 Loom
10:43 Feudal Age
11:20 Double-Bit Axe
13:33 Fletching
14:46 Padded Archer Armor
22:23 Castle Age
20:51 Horse Collar
21:03 Stone Mining
22:48 Forging
22:40 Scale Mail Armor
22:06 Champi Runner
22:34 Arson
24:45 Bow Saw
24:50 Thumb Ring
Glork
0:32 Loom
10:38 Feudal Age
11:36 Double-Bit Axe
17:52 Castle Age
16:12 Fletching
17:50 Gold Mining
18:33 Bodkin Arrow
18:50 Medium Warships
22:17 Bow Saw
24:13 Horse Collar
24:55 Padded Archer Armor
Adriano Del Throw
5:22 Loom
11:19 Feudal Age
11:56 Double-Bit Axe
17:28 Castle Age
15:27 Stone Mining
17:13 Horse Collar
18:37 Gold Mining
25:00 Scale Barding Armor
25:06 Forging
Connection lost

Rejoining the realm…

Still unreachable

The connection could not be restored.

Session expired

The server has moved on; the page needs a fresh start.